AoeStats
← AIDOS

Nomad

510449701Analyzed
3v3 RM · 23h ago on Oct 1, 2026· 60m 12s· 6 players
Game mode
Random Map
Map size
210×210
Population
200
Speed
Normal
Resources
Standard
Victory
Conquest
Starting age
Dark Age
Ending age
Imperial Age
RankedLock teamsTeams togetherTeam positionsShared explorationLock speedFull tech treeHidden civsTurbo modeCheats
Victory
Defeat
🇺🇸 Romans · United States
716
+11
🇧🇷 Franks · Brazil
651
+13
🇦🇺 Poles · Australia
589
+27
🇧🇷 Portuguese · Brazil
612
-14
🇧🇷 Britons · Brazil
609
-14
🇧🇷 Saxons · Brazil
563
-12
Rogue Scientist
19:31 Feudal Age
21:18 Double-Bit Axe
23:10 Town Watch
23:12 Fishing Lines
33:22 Loom
33:39 Stone Mining
36:08 Gold Mining
40:19 Castle Age
42:25 Medium Warships
48:56 Bow Saw
51:21 Imperial Age
49:30 Wheelbarrow
50:45 Man-at-Arms
52:28 Scale Mail Armor
52:38 Forging
51:54 Long Swordsman
54:16 Chain Mail Armor
54:51 Horse Collar
55:33 Gillnets
56:02 Husbandry
56:20 Scale Barding Armor
58:05 Iron Casting
56:54 Pikeman
57:35 Squires
59:16 Guilds
59:59 Chain Barding Armor
59:05 Light Cavalry
60:41 Bloodlines
[MCC] Bacteria-Am
4:18 Loom
16:06 Feudal Age
20:25 Castle Age
20:35 Double-Bit Axe
21:00 Scale Barding Armor
21:06 Forging
22:29 Wheelbarrow
22:20 Bow Saw
22:24 Gold Mining
25:05 Medium Warships
25:28 Chain Barding Armor
26:46 Hand Cart
30:39 Padded Archer Armor
30:30 Fletching
31:15 Iron Casting
32:21 Leather Archer Armor
32:45 Bodkin Arrow
32:51 Stone Mining
33:37 Gold Shaft Mining
38:00 Imperial Age
39:33 Heavy Warships
39:57 Plate Barding Armor
40:24 Blast Furnace
38:47 Cavalier
39:30 Husbandry
42:57 Chemistry
42:09 Fortified Wall
41:55 Murder Holes
42:11 Clinker Construction
42:12 Careening
43:18 Town Watch
43:44 Siphons
44:00 Ballistics
46:04 Paladin
47:49 Elite Throwing Axeman
49:21 Ordonnance Companies
50:02 Chivalry
56:45 Dry Dock
56:45 Carvel Hull
AIDOS
15:29 Feudal Age
16:57 Double-Bit Axe
17:03 Horse Collar
23:25 Stone Mining
23:26 Gold Mining
23:23 Fishing Lines
31:29 Castle Age
31:33 Wheelbarrow
30:44 Loom
30:44 Town Watch
33:11 Medium Warships
32:52 Gillnets
32:23 Demolition Ship
36:31 Man-at-Arms
37:12 Squires
37:46 Bow Saw
41:36 Imperial Age
39:22 Hand Cart
39:07 Town Patrol
42:00 Husbandry
42:11 Bloodlines
41:22 Light Cavalry
43:15 Cavalier
43:54 Winged Hussar
47:24 Heavy Warships
48:21 Szlachta Privileges
60:33 Chemistry
59:54 Ballistics
59:19 Arrowslits
59:25 Guard Tower
59:45 Fortified Wall
59:16 Treadmill Crane
59:47 Masonry
60:10 Murder Holes
_IMPERUS
6:05 Loom
16:54 Feudal Age
18:52 Double-Bit Axe
19:44 Wheelbarrow
19:25 Town Watch
19:30 Horse Collar
19:32 Fishing Lines
21:01 Gold Mining
21:59 Fletching
27:12 Castle Age
26:09 Stone Mining
26:04 Man-at-Arms
28:43 Forging
30:14 Bodkin Arrow
30:15 Gillnets
31:06 Medium Warships
31:22 Town Patrol
32:35 Bow Saw
33:30 Scale Mail Armor
34:37 Chain Mail Armor
35:15 Stone Shaft Mining
35:14 Circumnavigation
36:53 Iron Casting
36:33 Heavy Plow
37:33 Caravan
38:38 Heated Shot
43:43 Imperial Age
41:37 Masonry
42:39 Ballistics
43:59 Guard Tower
44:20 Scale Barding Armor
44:00 Sappers
45:34 Chemistry
45:20 Conscription
44:58 Elite Caravel
45:25 Cavalier
46:57 Chain Barding Armor
46:47 Padded Archer Armor
48:13 Plate Mail Armor
48:41 Arquebus
50:16 Elite Cannon Galleon
52:40 Architecture
54:38 Leather Archer Armor
54:18 Treadmill Crane
57:42 Long Swordsman
57:42 Pikeman
58:08 Arson
58:08 Gambesons
Jotape
5:50 Loom
14:36 Feudal Age
15:26 Double-Bit Axe
18:20 Wheelbarrow
18:38 Gold Mining
23:55 Castle Age
22:11 Fletching
22:26 Stone Mining
24:08 Fishing Lines
24:48 Bodkin Arrow
26:01 Bow Saw
26:14 Gillnets
27:15 Husbandry
27:12 Town Watch
30:04 Scale Barding Armor
29:31 Pikeman
30:11 Squires
31:33 Arson
32:07 Hand Cart
33:00 Gold Shaft Mining
33:01 Town Patrol
33:16 Treadmill Crane
34:29 Medium Warships
34:48 Careening
35:36 Scale Mail Armor
37:06 Fortified Wall
39:55 Murder Holes
41:16 Crossbowman
45:10 Imperial Age
42:43 Padded Archer Armor
44:28 Forging
44:31 Clinker Construction
45:18 Cavalier
48:04 Two-Man Saw
47:36 Leather Archer Armor
48:29 Ballistics
49:48 Conscription
50:33 Iron Casting
53:25 Chemistry
52:44 Halberdier
Guto_X
3:23 Loom
14:47 Feudal Age
16:05 Wheelbarrow
16:11 Double-Bit Axe
18:25 Horse Collar
19:54 Fishing Lines
20:23 Town Watch
20:37 Man-at-Arms
26:27 Castle Age
24:36 Arson
26:00 Bloodlines
26:34 Scale Mail Armor
27:22 Forging
27:28 Gold Mining
28:50 Gillnets
28:44 Long Swordsman
29:19 Gambesons
29:37 Pikeman
31:15 Bow Saw
33:46 Chain Mail Armor
35:46 Iron Casting
41:32 Fletching
42:51 Gold Shaft Mining
Connection lost

Rejoining the realm…

Still unreachable

The connection could not be restored.

Session expired

The server has moved on; the page needs a fresh start.